 Dungeon Crawl Stone Soup version 0.30.0 (webtiles) character file.

Game seed: 3617198778908021422

43 jagoly the Digger (level 4, -5/33 HPs)
             Began as a Meteoran Earth Elementalist on May 9, 2023.
             Killed by divine providence
             ... invoked by an orc priest
              (12 damage)
             ... on level 4 of the Dungeon.
             The game lasted 00:07:09 (293 turns).

jagoly the Digger (Meteoran Earth Elementalist)      Turns: 293, Time: 00:07:09

Health: -5/33      AC:  3    Str: 10    XL:     4   Next: 6%
Magic:  0/9        EV: 12    Int: 18    God:
Gold:   32         SH:  0    Dex: 14    Spells: 8/9 levels left

rFire   . . .        g - staff of poison
rCold   . . .        (no shield)
rNeg    . . .        a - +0 robe
rPois   +            c - +0 helmet
rElec   .            (no cloak)
rCorr   .            (no gloves)
SInv    .            (no boots)
Will    .....        (no amulet)
Stlth   +            (no ring)
HPRegen 0.25/turn    (no ring)
MPRegen 0.11/turn

%: no passive effects
@: glowing
A: sense surroundings 1, otherworldly, glowing, explore regen
a: no special abilities


You were on level 4 of the Dungeon.
You visited 1 branch of the dungeon, and saw 5 of its levels.

You collected 32 gold pieces.

Inventory:

Hand Weapons
 f - a +2 dagger of draining
Armour
 a - a +0 robe (worn)
 c - a +0 helmet (worn)
Magical Staves
 g - a staff of poison (weapon)
Wands
 h - a wand of charming (10)
Scrolls
 d - a scroll of fog {unknown}
 e - a scroll of noise {unknown}
 i - a scroll of identify {unknown}
Potions
 b - 2 potions of magic


   Skills:
 - Level 2.4 Dodging
 + Level 1.9 Stealth
 + Level 3.3 Spellcasting
 - Level 1.2 Transmutations
 * Level 4.6 Earth Magic


You had 8 spell levels left.
You knew the following spells:

 Your Spells              Type           Power      Damage    Failure   Level
a - Sandblast             Erth           38%        2d10      2%          1

Your spell library contained the following spells:

 Spells                   Type           Power      Damage    Failure   Level
 Passwall                 Tmut/Erth      10%        N/A       7%          2
 Summon Small Mammal      Summ           8%         N/A       16%         1
 Stone Arrow              Conj/Erth      22%        3d8       19%         3
 Call Canine Familiar     Summ           2%         N/A       43%         3
 Summon Guardian Golem    Hex/Summ       2%         N/A       43%         3
 Petrify                  Tmut/Erth      13%        N/A       43%         4


Dungeon Overview and Level Annotations

Branches:
Dungeon (5/15) Zot: 2689
 Temple: D:4-7

Altars:

Shops:
D:1 !=   D:4 !***


Innate Abilities, Weirdness & Mutations

You passively map a small area around you.
You are easily found by Zot.
You glow in the dark.
You regain HP and MP as you explore.


Message History

Welcome, jagoly the Meteoran Earth Elementalist.
A smirking vizier told you that the Orb of Zot is just within this dungeon.
Press ? for a list of commands and other information.
Found a short sword.
Found a staircase leading out of the dungeon.
Okay, then.
You open the door.
There is an open door here.
Found 9 gold pieces.
You now have 9 gold pieces.
An endoplasm and a bat come into view.
The endoplasm quivers.
The endoplasm moves out of view.
Unknown command.
Found a stone staircase leading down.
Cast which spell? (? or * to list)
Aiming: Sandblast (safe; 4% risk of failure)
Press: ? - help, Shift-Dir - straight line, f - bat
Aim: a bat (asleep, 100% to hit)
The blast of sand hits the bat.
You kill the bat!
Cast which spell? (? or * to list)
Aiming: Sandblast (safe; 4% risk of failure)
Press: ? - help, Shift-Dir - straight line, f - endoplasm
Aim: an endoplasm (98% to hit)
The blast of sand hits the endoplasm.
You kill the endoplasm!
Found Girihohi's Jewellery Boutique.
Magic restored.
There is an entrance to Girihohi's Jewellery Boutique here.
You can access your shopping list by pressing '$'.
You open the door.
Found Madeckil's Distillery.
Found a stone staircase leading down.
There is an open door here.
There is a stone staircase leading down here.
There is an entrance to Madeckil's Distillery here.
There is a stone staircase leading down here.
You climb downwards.
The endoplasm quivers.
Found a stone staircase leading down.
There is a stone staircase leading up here.
Cast which spell? (? or * to list)
Aiming: Sandblast (safe; 4% risk of failure)
Press: ? - help, Shift-Dir - straight line, f - endoplasm
Aim: an endoplasm (98% to hit)
The blast of sand hits the endoplasm!
You kill the endoplasm!
Magic restored.
Found a leather armour.
Found 4 gold pieces.
There is a stone staircase leading down here.
You now have 13 gold pieces (gained 4).
There is a stone staircase leading down here.
You climb downwards.
There is a stone staircase leading up here.
You open the door.
A hobgoblin comes into view.
The hobgoblin shouts!
There is an open door here.
Cast which spell? (? or * to list)
Aiming: Sandblast (safe; 4% risk of failure)
Press: ? - help, Shift-Dir - straight line, f - hobgoblin
Aim: a hobgoblin (82% to hit)
The blast of sand hits the hobgoblin.
You kill the hobgoblin!
You have reached level 2!
As you open the door, it creaks loudly!
You hear an angry hiss.
There is an open door here.
There is an open door here.
You open the door.
A hobgoblin comes into view.
The hobgoblin shouts!
Found an escape hatch in the floor.
Cast which spell? (? or * to list)
Aiming: Sandblast (safe; 3% risk of failure)
Press: ? - help, Shift-Dir - straight line, f - hobgoblin
Aim: a hobgoblin (82% to hit)
The blast of sand hits the hobgoblin.
The hobgoblin is heavily wounded.
The hobgoblin misses you. The hobgoblin closely misses you.
Cast which spell? (? or * to list)
Aiming: Sandblast (safe; 3% risk of failure)
Press: ? - help, Shift-Dir - straight line, f/p - hobgoblin
Aim: a hobgoblin (heavily wounded, 82% to hit)
The blast of sand hits the hobgoblin.
You kill the hobgoblin!
Okay, then.
There is an open door here.
There is an open door here.
A frilled lizard comes into view.
Cast which spell? (? or * to list)
Aiming: Sandblast (safe; 3% risk of failure)
Press: ? - help, Shift-Dir - straight line, f - frilled lizard
Aim: a frilled lizard (wandering, hasn't noticed you, 70% to hit)
The blast of sand hits the frilled lizard!
You kill the frilled lizard!
Found a stone staircase leading down.
Found 14 gold pieces.
A worm comes into view.
Found a helmet.
Cast which spell? (? or * to list)
You can't see any susceptible monsters within range! (Use Z to cast anyway.) Cast which spell? (? or * to list)
Aiming: Sandblast (safe; 3% risk of failure)
Press: ? - help, Shift-Dir - straight line, f - worm
Aim: a worm (94% to hit)
The blast of sand hits the worm.
The worm is moderately wounded.
Cast which spell? (? or * to list)
Aiming: Sandblast (safe; 3% risk of failure)
Press: ? - help, Shift-Dir - straight line, f/p - worm
Aim: a worm (moderately wounded, 94% to hit)
The blast of sand hits the worm!
You kill the worm!
Your Spellcasting skill increases to level 3!
Your Earth Magic skill increases to level 4!
Cast which spell? (? or * to list)
Okay, then.
Found a scale mail and a scroll labelled CALUVUI CODWAW.
There is a stone staircase leading down here.
An adder and a hobgoblin come into view.
The hobgoblin shouts!
You see here 14 gold pieces.
You now have 27 gold pieces (gained 14).
There is a stone staircase leading down here.
Cast which spell? (? or * to list)
Aiming: Sandblast (safe; 3% risk of failure)
Press: ? - help, Shift-Dir - straight line, f - adder
Aim: an adder (70% to hit)
The blast of sand hits the adder!
The adder is severely wounded.
Cast which spell? (? or * to list)
Aiming: Sandblast (safe; 3% risk of failure)
Press: ? - help, Shift-Dir - straight line, f/p - adder
Aim: an adder (severely wounded, 70% to hit)
The blast of sand hits the adder.
You kill the adder!
You have reached level 3!
Your experience leads to an increase in your attributes!
Increase (S)trength, (I)ntelligence, or (D)exterity?
You feel clever. x2; You feel stronger.
Cast which spell? (? or * to list)
Aiming: Sandblast (safe; 2% risk of failure)
Press: ? - help, Shift-Dir - straight line, f - hobgoblin
Aim: a hobgoblin (82% to hit)
The blast of sand hits the hobgoblin.
You kill the hobgoblin!
A hobgoblin comes into view.
The hobgoblin shouts!
A frilled lizard comes into view.
A ball python comes into view.
Cast which spell? (? or * to list)
Aiming: Sandblast (safe; 2% risk of failure)
Press: ? - help, Shift-Dir - straight line, f - hobgoblin
Aim: a hobgoblin (82% to hit)
The blast of sand misses the hobgoblin.
The ball python hisses angrily.
Cast which spell? (? or * to list)
Aiming: Sandblast (safe; 2% risk of failure)
Press: ? - help, Shift-Dir - straight line, f/p - hobgoblin
Aim: a hobgoblin (82% to hit)
The blast of sand hits the hobgoblin.
You kill the hobgoblin!
Cast which spell? (? or * to list)
Aiming: Sandblast (safe; 2% risk of failure)
Press: ? - help, Shift-Dir - straight line, f - frilled lizard
Aim: a frilled lizard (70% to hit)
The blast of sand hits the frilled lizard!
You kill the frilled lizard!
Cast which spell? (? or * to list)
Aiming: Sandblast (safe; 2% risk of failure)
Press: ? - help, Shift-Dir - straight line, f - ball python
Aim: a ball python (80% to hit)
The blast of sand hits the ball python.
You kill the ball python!
Cast which spell? (? or * to list)
You can't see any susceptible monsters within range! (Use Z to cast anyway.) Unknown command.
Found a potion of magic.
You see here a +0 helmet.
You start putting on your armour.
You continue putting on your +0 helmet. x4
You finish putting on your +0 helmet.
b - 2 potions of magic (gained 1)
You open the door.
There is an open door here.
You open the door.
There is an open door here.
d - a scroll labelled CALUVUI CODWAW You see here a worm corpse.
There is a stone staircase leading down here.
You climb downwards.
Found a scroll labelled YTAFEN IDDIPN.
There is a stone staircase leading up here.
You have nothing you can fire or use right now.
Unknown command.
An endoplasm comes into view.
Found Viymoucs's Assorted Antiques.
Found a stone staircase leading down.
Cast which spell? (? or * to list)
Aiming: Sandblast (safe; 2% risk of failure)
Press: ? - help, Shift-Dir - straight line, f - endoplasm
Aim: an endoplasm (asleep, 100% to hit)
The blast of sand hits the endoplasm!
You kill the endoplasm!
A kobold comes into view. It is wielding a +2 dagger of draining.
Found 5 gold pieces.
Found Kithrigux's Distillery.
You see here a scroll labelled YTAFEN IDDIPN.
e - a scroll labelled YTAFEN IDDIPN The kobold shouts!
The kobold throws a stone.
The stone hits you.
Found Fienkuaq's General Store.
Cast which spell? (? or * to list)
Aiming: Sandblast (safe; 2% risk of failure)
Press: ? - help, Shift-Dir - straight line, f - kobold
Aim: a kobold, wielding a +2 dagger of draining and quivering stones (77% to hit)
The blast of sand hits the kobold!
You kill the kobold!
Things that are here:
a +2 dagger of draining; 4 stones; a kobold corpse You sense an unholy aura.
f - a +2 dagger of draining (weapon)
Found a stone staircase leading up.
There is an entrance to Viymoucs's Assorted Antiques here.
A goblin comes into view. It is wielding a +0 dagger.
The goblin shouts!
A goblin comes into view. It is wielding a +0 club.
Found a dagger.
Found Domotush's Assorted Antiques.
The goblin shouts!
Found a book of Callings.
There is an entrance to Kithrigux's Distillery here.
Cast which spell? (? or * to list)
Aiming: Sandblast (safe; 2% risk of failure)
Press: ? - help, Shift-Dir - straight line, f - goblin
Aim: a goblin, wielding a +0 dagger (77% to hit)
The blast of sand hits the goblin!
You kill the goblin!
Search for what [? for help]? shop You can access your shopping list by pressing '$'.
Cast which spell? (? or * to list)
Aiming: Sandblast (safe; 2% risk of failure)
Press: ? - help, Shift-Dir - straight line, f - goblin
Aim: a goblin, wielding a +0 club (77% to hit)
The blast of sand hits the goblin!
You kill the goblin!
Found a ring mail.
There is an entrance to Domotush's Assorted Antiques here.
Search for what [Enter for "shop", or ? for help]? inshop Can't find anything matching that.
Search for what [Enter for "inshop", or ? for help]? shop
There is an entrance to Fienkuaq's General Store here.
You can access your shopping list by pressing '$'.
Unknown command.
You now have 32 gold pieces (gained 5).
You see here a +0 club.
A ball python comes into view.
Found a stone staircase leading down.
The ball python hisses angrily.
A kobold comes into view. It is wielding a +0 club.
The kobold shouts!
You see here a book of Callings.
You pick up a book of Callings and begin reading...
You add the spells Summon Small Mammal, Call Canine Familiar and Summon Guardian Golem to your library.
Cast which spell? (? or * to list)
Aiming: Sandblast (safe; 2% risk of failure)
Press: ? - help, Shift-Dir - straight line, f - ball python
Aim: a ball python (80% to hit)
The blast of sand hits the ball python!
You kill the ball python!
Cast which spell? (? or * to list)
Aiming: Sandblast (safe; 2% risk of failure)
Press: ? - help, Shift-Dir - straight line, f - kobold
Aim: a kobold, wielding a +0 club (77% to hit)
The blast of sand hits the kobold.
You kill the kobold!
There is a stone staircase leading up here.
You climb upwards.
Magic restored.
Found a long jewelled staff.
There is a stone staircase leading down here.
Found a long silver wand.
An adder comes into view.
The adder hisses angrily.
You see here a staff of poison.
g - a staff of poison Cast which spell? (? or * to list)
Aiming: Sandblast (safe; 2% risk of failure)
Press: ? - help, Shift-Dir - straight line, f - adder
Aim: an adder (70% to hit)
The blast of sand hits the adder.
The adder is heavily wounded.
g - a staff of poison (weapon)
Cast which spell? (? or * to list)
Aiming: Sandblast (safe; 2% risk of failure)
Press: ? - help, Shift-Dir - straight line, f/p - adder
Aim: an adder (heavily wounded, 70% to hit)
The blast of sand hits the adder!!
You kill the adder!
You have reached level 4!
h - a wand of charming (11)
You open the door.
Found a scroll labelled HAJAPAFRA GEUXT.
There is an open door here.
i - a scroll labelled HAJAPAFRA GEUXT You open the door.
There is an open door here.
A bat comes into view.
The bat completely misses you.
Cast which spell? (? or * to list)
Aiming: Sandblast (safe; 2% risk of failure)
Press: ? - help, Shift-Dir - straight line, f - bat
Aim: a bat (73% to hit)
The blast of sand hits the bat!
You kill the bat!
You open the door.
There is an open door here.
There is a stone staircase leading down here.
You climb downwards.
There is a stone staircase leading up here.
Things that are here:
a +0 club; a kobold corpse; a ball python corpse
There is a stone staircase leading down here.
You climb downwards.
The orc priest shouts!
You hear a shout!
Found a scroll labelled YTAFEN IDDIPN.
There is a stone staircase leading up here.
An orc comes into view. It is wielding a +0 club.
Cast which spell? (? or * to list)
Aiming: Sandblast (safe; 2% risk of failure)
Press: ? - help, Shift-Dir - straight line, f - orc
Aim: an orc, wielding a +0 club (wandering, hasn't noticed you, 82% to hit)
The blast of sand hits the orc!
You kill the orc!
The orc shouts!
You hear a shout!
An orc comes into view. It is wielding a +0 hand axe.
You hear a shout! x3
Cast which spell? (? or * to list)
Aiming: Sandblast (safe; 2% risk of failure)
Press: ? - help, Shift-Dir - straight line, f - orc priest
Aim: an orc priest, wielding a +0 hand axe and wearing a +0 scale mail (84% to hit)
The blast of sand hits the orc priest.
The orc priest is lightly wounded.
Cast which spell? (? or * to list)
Aiming: Sandblast (safe; 2% risk of failure)
Press: ? - help, Shift-Dir - straight line, f/p - orc priest
Aim: an orc priest, wielding a +0 hand axe and wearing a +0 scale mail (lightly wounded, 84% to hit)
The blast of sand hits the orc priest.
The orc priest is lightly wounded.
Cast which spell? (? or * to list)
Aiming: Sandblast (safe; 2% risk of failure)
Press: ? - help, Shift-Dir - straight line, f - orc, p - orc priest
Aim: an orc, wielding a +0 hand axe and wearing a +0 ring mail (84% to hit)
The blast of sand hits the orc priest.
The orc priest is moderately wounded.
The orc priest barely misses you. The orc priest completely misses you.
Cast which spell? (? or * to list)
Aiming: Sandblast (safe; 2% risk of failure)
Press: ? - help, Shift-Dir - straight line, f/p - orc
Aim: an orc, wielding a +0 hand axe and wearing a +0 ring mail (84% to hit)
The blast of sand hits the orc priest but does no damage.
The orc priest is moderately wounded.
The orc priest hits you with a +0 hand axe.
Cast which spell? (? or * to list)
Aiming: Sandblast (safe; 2% risk of failure)
Press: ? - help, Shift-Dir - straight line, f/p - orc
Aim: an orc, wielding a +0 hand axe and wearing a +0 ring mail (84% to hit)
The blast of sand hits the orc priest but does no damage.
The orc priest is moderately wounded.
The orc priest hits you with a +0 hand axe.
An orc comes into view. It is wielding a +0 flail.
The orc priest miscasts a cantrip.
Cast which spell? (? or * to list)
Aiming: Sandblast (safe; 2% risk of failure)
Press: ? - help, Shift-Dir - straight line, f/p - orc
Aim: an orc, wielding a +0 hand axe and wearing a +0 ring mail (84% to hit)
The blast of sand hits the orc priest.
The orc priest is moderately wounded.
The orc priest hits you with a +0 hand axe.
Cast which spell? (? or * to list)
You don't know that spell.
Unknown command.
Hit: g) staff of poison
Press: ? - help, Dir - move target, f - orc priest, p - orc
Aim: an orc priest, wielding a +0 hand axe and wearing a +0 scale mail (moderately wounded, about 35% to evade your staff of poison)
You hit the orc priest but do no damage.
The orc priest is moderately wounded.
The orc priest hits you with a +0 hand axe.
Okay, then.
Press: ? - help, v - describe, . - travel
Here: an orc priest, wielding a +0 hand axe and wearing a +0 scale mail (moderately wounded)
The floor.
Unknown command.
Okay, then.
Unknown command.
Unknown command.
The orc priest attacks as you move away!
The orc priest hits you with a +0 hand axe.
There is a stone staircase leading up here.
You climb upwards.
There is a stone staircase leading down here.
Cast which spell? (? or * to list)
Aiming: Sandblast (safe; 2% risk of failure)
Press: ? - help, Shift-Dir - straight line, f - orc priest
Aim: an orc priest, wielding a +0 hand axe and wearing a +0 scale mail (moderately wounded, 84% to hit)
The blast of sand hits the orc priest.
The orc priest is heavily wounded.
The orc priest calls down the wrath of Beogh upon you.
Pain shoots through your body!
The orc priest hits you with a +0 hand axe.
* * * LOW HITPOINT WARNING * * *
Cast which spell? (? or * to list)
Aiming: Sandblast (safe; 2% risk of failure)
Press: ? - help, Shift-Dir - straight line, f/p - orc priest
Aim: an orc priest, wielding a +0 hand axe and wearing a +0 scale mail (heavily wounded, 84% to hit)
The blast of sand hits the orc priest.
The orc priest is severely wounded.
The orc priest hits you with a +0 hand axe.
* * * LOW HITPOINT WARNING * * *
Cast which spell? (? or * to list)
Aiming: Sandblast (safe; 2% risk of failure)
Press: ? - help, Shift-Dir - straight line, f/p - orc priest
Aim: an orc priest, wielding a +0 hand axe and wearing a +0 scale mail (severely wounded, 84% to hit)
The blast of sand hits the orc priest but does no damage.
The orc priest is severely wounded.
The orc priest hits you with a +0 hand axe.
* * * LOW HITPOINT WARNING * * *
The orc priest misses you.
Cast which spell? (? or * to list)
Aiming: Sandblast (safe; 2% risk of failure)
Press: ? - help, Shift-Dir - straight line, f/p - orc priest
Aim: an orc priest, wielding a +0 hand axe and wearing a +0 scale mail (severely wounded, 84% to hit)
The blast of sand hits the orc priest.
The orc priest is almost dead.
The orc priest closely misses you.
Aiming: Charm
Press: ? - help, Shift-Dir - straight line, f/p - orc priest
Aim: an orc priest, wielding a +0 hand axe and wearing a +0 scale mail (almost dead, chance to affect: 49%)
The orc priest resists with some effort.
The orc priest invokes the aid of Beogh against you.
Beogh smites you!
You die...

....+ *.... *...
##.. , ##.. * ,
####..#### * ,
#........#
#..o@....# ,
#........## ,,
####......## ,
#.......#
#.......# .# ,,
#...)...## .# ##
##.......# #.# ..
##.....#.####.##.#
#.............)...


You could see an orc priest.

Vanquished Creatures
  2 adders (D:3)
  A worm (D:3)
  An orc (D:5)
  2 ball pythons
  3 endoplasms
  2 goblins (D:4)
  4 hobgoblins (D:3)
  2 bats
  2 frilled lizards (D:3)
  2 kobolds (D:4)
21 creatures vanquished.

Notes
Turn   | Place    | Note
-------+----------+-------------------------------------------
     0 | D:1      | jagoly the Meteoran Earth Elementalist began the quest for
                  | the Orb.
     0 | D:1      | Reached XP level 1. HP: 14/14 MP: 5/5
    25 | D:1      | Found Girihohi's Jewellery Boutique.
    38 | D:1      | Found Madeckil's Distillery.
    74 | D:3      | Reached XP level 2. HP: 20/20 MP: 4/6
   108 | D:3      | Reached skill level 4 in Earth Magic
   114 | D:3      | Reached XP level 3. HP: 26/26 MP: 6/8
   167 | D:4      | Noticed an ogre
   173 | D:4      | Found Viymoucs's Assorted Antiques.
   175 | D:4      | Found Kithrigux's Distillery.
   177 | D:4      | Found Fienkuaq's General Store.
   194 | D:4      | Found Domotush's Assorted Antiques.
   235 | D:3      | Reached XP level 4. HP: 33/33 MP: 7/9
   276 | D:5      | Entered Level 5 of the Dungeon
   293 | D:4      | Killed from afar by an orc priest

Illustrated notes

Levels and vault maps discovered:
D:1:      lemuel_arrival_room, layout_basic, serial_shops, shop,
          nicolae_shop_hallway_stairs, nicolae_shop_trees,
          nicolae_shop_dealshenge, nicolae_diamond_shop
D:2:      layout_basic, minmay_vboxes
D:3:      layout_basic, gammafunk_temple_overflow_statue, grunt_ministairs_4,
          minivault_24, minmay_fountain_box
D:4:      nicolae_cairo_tiling_large_dashed, layout_rooms,
          roderic_st_hans_cross, minmay_shop_grid_forest
D:5:      layout_rooms, gammafunk_ghost_necromancy,
          chequers_serial_rivers_large_b, minivault_23, supply_closet_lemuel

Skill      XL: |  1  2 |
---------------+-------+-----
Spellcasting   | 3 |  3.3
Earth Magic    | 4 |  4.6
Dodging        | |  2.4
Stealth        | |  1.9
Transmutations | |  1.2

Action                     |  1- 3 |  4- 6 || total
---------------------------+-------+-------++-------
  Melee: Staff             |       |     1 ||     1
   Cast: Sandblast         |    24 |    12 ||    36
  Evoke: Wand              |       |     1 ||     1
  Dodge: Dodged            |     2 |     5 ||     7
